 Dungeon Crawl Stone Soup version 0.30-a0-58-gc0703345a7 (webtiles) character file.

Game seed: 13205074242157854790

17 ytrimaz the Insei (level 2, 0/27 HPs)
             Began as an Octopode Transmuter on Sept 11, 2022.
             Succumbed to a kobold's poison
             ... on level 1 of the Dungeon.
             The game lasted 00:01:30 (523 turns).

ytrimaz the Insei (Octopode Transmuter)              Turns: 523, Time: 00:01:31

Health: 0/27       AC: 21    Str:  9    XL:     2   Next: 62%
Magic:  5/5        EV:  2    Int: 15    God:
Gold:   21         SH:  0    Dex: 12    Spells: 2/5 levels left

rFire   . . .      SeeInvis .      - Unarmed
rCold   . . .      Faith    .    (no shield)
rNeg    . . .      Spirit   .    (helmet currently unavailable)
rPois   +          Reflect  .    c - amulet of the acrobat
rElec   .          Harm     .    (no ring)
rCorr   .          Rampage  .    (no ring)
Will    .....      NoTele   +    (no ring)
Stlth   +.........               (no ring)
HPRegen 0.09/turn                (no ring)
MPRegen 0.09/turn                (no ring)
                                 (no ring)
                                 (no ring)

@: brilliant, lethally poisoned (0 -> -27), tree-form
A: stationary, stasis, torment immunity, boosted hp, almost no armour,
(amphibious), 8 rings, (camouflage 1), (gelatinous body 1), (nimble swimmer 1),
(tentacles)
a: no special abilities


You were on level 1 of the Dungeon.
You were a tree.
You visited 1 branch of the dungeon, and saw 1 of its levels.

You collected 21 gold pieces.


Innate Abilities, Weirdness & Mutations

You are a tree.
Your roots penetrate the ground, keeping you stationary.
You cannot be teleported.
You are immune to unholy pain and torment.
Your maximum health is greatly increased.
You cannot wear most types of armour.
((You are amphibious.))
You can wear up to eight rings at the same time.
((Your skin changes colour to match your surroundings (Stealth+).))
((Your rubbery body absorbs attacks. (AC +1, EV +1)))
((You are camouflaged when in or above water. (Stealth+)))
((You have tentacles for arms and can constrict up to eight enemies at once.))


   Skills:
 - Level 1.0 Fighting
 - Level 2.0 Dodging
 - Level 3.0 Unarmed Combat
 - Level 2.0 Spellcasting
 - Level 2.0 Transmutations
 + Level 2.7 Poison Magic


You had 2 spell levels left.
You knew the following spells:

 Your Spells              Type           Power      Damage    Failure   Level
a - Beastly Appendage     Tmut           22%        N/A       10%         1
b - Wereblood             Tmut           11%        N/A       14%         2

Your spell library contained the following spells:

 Spells                   Type           Power      Damage    Failure   Level
 Spider Form              Tmut/Pois      12%        N/A       26%         3
 Ice Form                 Ice/Tmut       6%         N/A       82%         4

Inventory:

Jewellery
 c - an amulet of the acrobat (around neck)
   (You found it on level 1 of the Dungeon)
Potions
 a - a potion of lignification

Dungeon Overview and Level Annotations

Branches:
Dungeon (1/15) Zot: 5478

Altars:

## #. #.# . #.# .
######.# # ...##.## #
....?.######### #
#g##..........####
#.###♣##.########.....
#...)....########.##..
#.###......†...[......
#.###########.##..
##### #.#
#########.###( #...#
#.. ..............
#...# ###
#########.###.
###...### #.......
#.......# #.#.####


You could see a hobgoblin.


Message History

A goblin is nearby!
The goblin shouts!
A goblin comes into view. It is wielding a +0 dagger.
The goblin closely misses you.
You tentacle-slap the goblin. You grab the goblin. You squeeze the goblin.
You kill the goblin!
You see here a +0 club.
The goblin misses you.
You tentacle-slap the goblin. Your grab misses the goblin.
You squeeze the goblin.
You kill the goblin!
No target in view!
A bat comes into view.
Things that are here:
a +0 dagger; a goblin corpse
c - an amulet of the acrobat
There are no items here.
You start putting on your amulet.
You continue putting on your amulet of the acrobat. x5
You finish putting on your amulet of the acrobat.
You feel ready to tumble and roll out of harm's way.
c - an amulet of the acrobat (around mantle) Unknown command.
Memorise Wereblood, consuming 2 spell levels and leaving 2?
You start memorising the spell.
You continue memorising. x2
You finish memorising.
Spell assigned to 'b'.
Unknown command.
No target in view!
No target in view!
No target in view!
a - 2 potions of lignification (gained 1)
A frilled lizard comes into view.
The frilled lizard hisses angrily.
You see here a +0 pair of gloves.
A frilled lizard is nearby!
A frilled lizard is nearby!
A frilled lizard is nearby!
The frilled lizard misses you.
You tentacle-slap the frilled lizard.
You kill the frilled lizard!
You see here a frilled lizard corpse.
No target in view!
No target in view!
No target in view!
A kobold comes into view.
It is wielding a +0 short sword of venom.
A kobold is nearby!
A hobgoblin comes into view.
The kobold shouts!
The hobgoblin shouts!
There are monsters nearby!
You tentacle-slap the hobgoblin but do no damage.
You grab the hobgoblin. You constrict the hobgoblin.
The hobgoblin closely misses you.
You completely miss the hobgoblin. Your squeeze misses the hobgoblin.
You constrict the hobgoblin, but do no damage.
The hobgoblin misses you.
The kobold hits you with a +0 short sword of venom.
You are poisoned.
You tentacle-slap the kobold. Your grab misses the kobold.
You constrict the hobgoblin.
You feel very sick.
The hobgoblin hits you but does no damage.
The kobold hits you with a +0 short sword of venom.
You are lethally poisoned! 😮 HP[-6]
You take 6 damage, and now have 12/18 hp.
MASSIVE DAMAGE!! (PAUSE) Cast which spell? (? or * to list)
You don't know that spell.
Really quaff the potion of lignification?
You turn into a tree.
Your roots penetrate the ground.
You lose your grip on the hobgoblin.
You feel very sick. The kobold hits you but does no damage.
You are more poisoned.
The hobgoblin completely misses you. 😮 HP[+3]
You now have 27 max hp (+9).
You regained 3 hp, and now have 15/27 hp.
It was a potion of brilliance.
You feel clever all of a sudden.
* * * LOW HITPOINT WARNING * * *
You feel very sick.
The hobgoblin hits you but does no damage.
The kobold barely misses you. 😨 HP[-5]
You take 5 damage, and now have 10/27 hp.
Unknown command.
Unknown command.
Unknown command.
You closely miss the kobold.
* * * LOW HITPOINT WARNING * * *
You feel very sick. The kobold hits you but does no damage.
You are more poisoned.
The hobgoblin hits you but does no damage. 😱 HP[-5]
You take 5 damage, and now have 5/27 hp.
You smack the kobold!
You kill the kobold!
You die...

Skill      XL: |  1  2 |
---------------+-------+-----
Poison Magic   | 1 2 |  2.7
Fighting       | |  1.0
Dodging        | |  2.0
Unarmed Combat | |  3.0
Spellcasting   | |  2.0
Transmutations | |  2.0

Action                   || total
-------------------------++-------
Melee: Unarmed           ||    31
       Constrict         ||    10
       Tentacles         ||     9
  Use: Potion            ||     2
 Stab: Sleeping          ||     2
Armor: Skin              ||     6
Dodge: Dodged            ||    17

Levels and vault maps discovered:
D:1:      minmay_arrival_cross, layout_loops_ring,
          hellmonk_ecumenical_altar_dog_temple

Notes
Turn   | Place    | Note
-------+----------+-------------------------------------------
     0 | D:1      | ytrimaz the Octopode Transmuter began the quest for the
                  | Orb.
     0 | D:1      | Reached XP level 1. HP: 13/13 MP: 3/3
     0 | D:1      | magus.rc [v1.9.6]
    50 | D:1      | Reached skill level 1 in Poison Magic
   100 | D:1      | Reached XP level 2. HP: 9/18 MP: 5/5
   248 | D:1      | Reached skill level 2 in Poison Magic
   454 | D:1      | Found a faded altar of an unknown god.
   484 | D:1      | Learned a level 2 spell: Wereblood
   522 | D:1      | HP: 5/27 [poisoned by a kobold]
   523 | D:1      | Succumbed to a kobold's poison

Vanquished Creatures
  A dart slug (D:1)
  A ball python (D:1)
  An endoplasm (D:1)
  A giant cockroach (D:1)
  2 goblins (D:1)
  3 hobgoblins (D:1)
  2 quokkas (D:1)
  A frilled lizard (D:1)
  A kobold (D:1)
13 creatures vanquished.

Table legend:
 A = Non-vault XP
 B = Vault XP
 C = Vault XP percentage of total XP
 D = Non-vault monster count
 E = Vault monster count
 F = Vault count percentage of total count
                 A         B        C        D         E       F
            +---------+---------+-------+---------+---------+-------
      Total |      26 |       0 |   0.0 |      13 |       0 |   0.0
            +---------+---------+-------+---------+---------+-------
        D:1 |      26 |       0 |   0.0 |      13 |       0 |   0.0
            +---------+---------+-------+---------+---------+-------

Illustrated notes

Table legend:
 A = Kills in this place as a percentage of kills in entire the game.
 B = Kills by you in this place as a percentage of kills by you in the entire game.
 C = Kills by friends in this place as a percentage of kills by friends in the entire game.
 D = Other kills in this place as a percentage of other kills in the entire game.
 E = Experience gained in this place as a percentage of experience gained in the entire game.
 F = Experience gained in this place divided by the number of levels of this place that you have seen.
                   A       B       C       D       E      F
               +-------+-------+-------+-------+-------+----------------------
         Total | 100.0 | 100.0 |   N/A |   N/A | 100.0 |  26.0
       Dungeon | 100.0 | 100.0 |   N/A |   N/A | 100.0 |  26.0
               +-------+-------+-------+-------+-------+----------------------

Table legend: (Time is in decaauts)
 A = Elapsed time spent in this place.
 B = Non-inter-level travel time spent in this place.
 C = Inter-level travel time spent in this place.
 D = Time resting spent in this place.
 E = Time spent auto-exploring this place.
 F = Levels seen in this place.
 G = Mean time per level.
                   A        B        C        D        E       F      G
               +--------+--------+--------+--------+--------+-----+--------+
         Total |    521 |    521 |      0 |      0 |    409 |   1 |  521.0 |
       Dungeon |    521 |    521 |      0 |      0 |    409 |   1 |  521.0 |
               +--------+--------+--------+--------+--------+-----+--------+

Top non-repeatable levels by time:
     D:1: 521 daAuts
